 Dungeon Sprint DCSS version 0.28.0-43-g3370ac3207 (webtiles) character file.

Game seed: 4232899660155718727

7821 boopmooplesden the Warrior (level 11, -10/119 HPs)
             Began as a Minotaur Berserker on Mar 21, 2022.
             Was the Champion of Trog.
             Mangled by a cacodemon (16 damage)
             ... in the Dungeon (Sprint II: "The Violet Keep of Menkaure").
             The game lasted 00:05:34 (2279 turns).

boopmooplesden the Warrior (Minotaur Berserker)     Turns: 2279, Time: 00:05:34

Health: -10/119    AC: 18    Str: 24    XL:     11   Next: 1%
Magic:  10/10      EV: 10    Int:  6    God:    Trog [******]
Gold:   61         SH:  8    Dex: 10    Spells: 10/10 levels left

rFire   + + .      SeeInvis .   a - +0 falchion
rCold   + + .      Faith    .   t - +2 shield of Resistance {rF++ rC++ Will++}
rNeg    . . .      Spirit   .   j - +1 chain mail "Seleomp" {Harm +Blink}
rPois   .          Reflect  .   (helmet restricted)
rElec   .          Harm     +   (no cloak)
rCorr   .          Rampage  .   i - +2 pair of gloves
Will    +++..      Rage     1%  (no boots)
Stlth   .......... NoTele   +   (no amulet)
HPRegen 0.29/turn               (no ring)
MPRegen 0.12/turn               (no ring)

@: on berserk cooldown, slowed, very slow
A: horns 2, retaliatory headbutt, berserk 1, strong-willed 1, screaming 1,
subdued magic 1
a: Renounce Religion, Evoke Blink, Berserk, Trog's Hand, Brothers in Arms


You were in the Dungeon.
You worshipped Trog.
Trog was exalted by your worship.
You visited 1 branch You collected 1192 gold pieces.
You spent 1131 gold pieces at shops.

Inventory:

Hand Weapons
 a - a +0 falchion (weapon)
 d - a +2 great sword of flaming
Armour
 b - a +1 animal skin
 i - a +2 pair of gloves (worn)
 j - the +1 chain mail "Seleomp" (worn) {Harm +Blink}
   (You bought it in a shop in the Dungeon)

   +Blink:    It lets you blink.
   Harm:      It increases damage dealt and taken.
 t - the +2 shield of Resistance (worn) {rF++ rC++ Will++}
   (You bought it in a shop in the Dungeon)

   rF:        It greatly protects you from fire.
   rC:        It greatly protects you from cold.
   Will:      It greatly increases your willpower.
Jewellery
 r - a +4 ring of evasion
Scrolls
 h - a scroll of blinking
 m - 4 scrolls of fear
 n - a scroll of fog
 o - 2 scrolls of enchant armour
 p - a scroll of amnesia
Potions
 c - 5 potions of flight
 e - a potion of haste
 f - 5 potions of magic
 g - a potion of berserk rage
 k - a potion of curing
 l - 2 potions of invisibility
 q - a potion of brilliance {unknown}
 s - a potion of might
 u - 4 potions of resistance


   Skills:
 + Level 18.1 Fighting
 + Level 18.0 Long Blades
 + Level 15.4 Armour
 + Level 10.2 Dodging
 + Level 4.1 Stealth
 + Level 0.4 Shields


You had 10 spell levels left.
You didn't know any spells.
Your spell library was empty.

Dungeon Overview and Level Annotations

Branches:
Dungeon (1/1)

Altars:
Cheibriados
Dithmenos
Elyvilon
Fedhas
Gozag
Hepliaklqana
Kikubaaqudgha
Makhleb
Nemelex Xobeh
Okawaru
Qazlal
Ru
Sif Muna
Trog
Uskayaw
Vehumet
Wu Jian
Xom
Yredelemnul
Zin
The Shining One
Beogh
Jiyva
Lugonu

Shops:
D =:!![(:[?([[!!=

Annotations:
D exclusions: oklob plant and orange crystal statue, Kirke


Innate Abilities, Weirdness & Mutations

You have a pair of horns on your head.
You reflexively headbutt those who attack you in melee.
You tend to lose your temper in combat.
You are strong-willed. (Will+)
You occasionally shout uncontrollably at your foes.
Your spells are a little easier to cast, but a little less powerful.


Message History

The hell hog breathes fire at you.
The fireball explodes!
The fireball engulfs you! You resist.
The fireball engulfs the hell hog.
The hell hog completely resists.
You block the hell hog's attack.
The centaur warrior is engulfed in poison gas.
The centaur warrior is poisoned.
The hell hog bites you!
Kirke says, "Odis was a nice man, you're awful."
The centaur warrior is engulfed in poison gas.
The centaur warrior looks even sicker.
You block the hell hog's attack.
You barely miss the hell hog. You headbutt the hell hog.
The hell hog is almost dead.
The centaur warrior is engulfed in poison gas.
The centaur warrior looks even sicker.
The hell hog breathes fire at you.
The fireball explodes!
The fireball engulfs you! You resist.
* * * LOW HITPOINT WARNING * * *
The fireball engulfs the hell hog.
The hell hog completely resists.
Kirke mumbles some strange words.
Kirke summons a manticore!
The centaur warrior is engulfed in poison gas.
The centaur warrior looks as sick as possible!
You block the hell hog's attack. The cacodemon hits you!
* * * LOW HITPOINT WARNING * * *
The cacodemon hits you but does no damage.
You hear a shout!
You hit the cacodemon but do no damage. Your headbutt misses the cacodemon.
The centaur warrior is engulfed in poison gas.
The centaur warrior looks as sick as possible!
You block the hell hog's attack.
The elephant is engulfed in poison gas.
The elephant is poisoned.
The cacodemon hits you but does no damage.
The cacodemon hits you.
* * * LOW HITPOINT WARNING * * *
The manticore is engulfed in poison gas.
The manticore is poisoned.
You closely miss the cacodemon. The hell hog barely misses you.
You block the hell hog's attack. The cacodemon hits you!
* * * LOW HITPOINT WARNING * * *
The cacodemon hits you!
You die...

##°......## ###°°°°..○..## ▓▓
@°°°..8°....# +. @####.○○°.....
#. K..≈##°☼○.○. #.
##########≈≈#'°H#+++## #
#########≈≈≈...c@....# #
∩.∩.....#≈≈≈≈.##h##..# #
.∩.∩....#≈≈≈≈..2@....#### +.##.#
..∩.∩...#≈≈≈≈#..#..#....# ^..##
...∩.∩..#≈≈####.#.####..## #..##
....∩.⌠.#≈##.###†###.##..# +..#.
.....∩..#≈#...##.##..##..# #..#.
..∩.∩...'≈'.##†.<.'.##'..####..##
.∩.∩....#≈#...##.##.#.#....###.^.
▓▓▓▓▓▓###≈##.###'###.##......≈≈≈≈
?YY######≈≈#####..####≈≈.....§#+#


You could see Kirke, a cacodemon, an obsidian statue, a hell hog, a centaur
warrior (extremely poisoned) and a manticore (summoned, poisoned).

Vanquished Creatures
  A kraken (D)
  A yaktaur captain (D)
  2 boulder beetles (D)
  A skeletal warrior (D)
  A yaktaur (D)
  A hornet (D)
  3 polar bears (D)
  A blink frog (D)
  12 flying skulls (D)
  4 neqoxecs (D)
  4 water moccasins (D)
  4 necrophages (D)
  3 worms (D)
  4 tentacles (D)
42 creatures vanquished.

Vanquished Creatures (others)
  Menkaure (D)
  A water moccasin (D)
  13 tentacles (D)
15 creatures vanquished.

Grand Total: 57 creatures vanquished

Notes
Turn   | Place    | Note
-------+----------+-------------------------------------------
     0 | D        | boopmooplesden the Minotaur Berserker began the quest for
                  | the Orb.
     0 | D        | Reached XP level 1. HP: 19/19 MP: 0/0
     1 | D        | Noticed a neqoxec
     1 | D        | Noticed a neqoxec
     1 | D        | Noticed a neqoxec
     1 | D        | Noticed a neqoxec
     2 | D        | Gained mutation: Your spells are a little easier to cast,
                  | but a little less powerful. [a neqoxec]
     5 | D        | Gained mutation: You are strong-willed. (Will+) [a neqoxec]
     9 | D        | Killed a neqoxec
    10 | D        | Reached XP level 2. HP: 32/35 MP: 1/1
    10 | D        | Reached XP level 3. HP: 37/40 MP: 2/2
    10 | D        | Reached XP level 4. HP: 45/48 MP: 3/3
    11 | D        | Gained mutation: You tend to lose your temper in combat. [a
                  | neqoxec]
    14 | D        | Killed a neqoxec
    15 | D        | Reached skill level 10 in Long Blades
    15 | D        | Reached XP level 5. HP: 42/58 MP: 4/4
    19 | D        | Killed a neqoxec
    19 | D        | Reached ** piety under Trog
    20 | D        | Reached skill level 5 in Armour
    20 | D        | Reached skill level 5 in Dodging
    20 | D        | Reached XP level 6. HP: 15/68 MP: 5/5
    28 | D        | Gained mutation: You occasionally shout uncontrollably at
                  | your foes. [a neqoxec]
    31 | D        | Killed a neqoxec
    43 | D        | Killed Menkaure
   420 | D        | Noticed a boulder beetle
   420 | D        | Noticed a boulder beetle
   433 | D        | Reached *** piety under Trog
   438 | D        | Noticed an orange crystal statue
   548 | D        | Reached XP level 7. HP: 67/77 MP: 6/6
   567 | D        | Reached **** piety under Trog
   582 | D        | Found Maugyuxiek's Jewellery Shop.
   582 | D        | Found Fezof's Antique Armour Boutique.
   582 | D        | Found Gijyaboo's Distillery.
   582 | D        | Found Zogaixt's Armour Shop.
   583 | D        | Found Oxiwoal's Antique Weapon Shop.
   583 | D        | Found Rumo's Magic Scroll Shop.
   583 | D        | Found Kicann's Antique Armour Boutique.
   764 | D        | Found Hutojom's Distillery.
   764 | D        | Found Icrufes's Book Boutique.
   764 | D        | Found Siqirec's Weapon Boutique.
   764 | D        | Found Sagefecu's Armour Shop.
   790 | D        | Noticed a blink frog
   797 | D        | Killed a blink frog
   798 | D        | Reached skill level 1 in Stealth
   798 | D        | Reached XP level 8. HP: 88/88 MP: 7/7
   807 | D        | Found Eruirgh's Distillery.
   807 | D        | Found Zegh's Distillery.
   807 | D        | Noticed an ice dragon
   807 | D        | Noticed an oklob plant
   808 | D        | Found Fiaxoc's Book Shoppe.
   808 | D        | Found Moir's Jewellery Boutique.
   812 | D        | Noticed a polar bear
   813 | D        | Noticed a polar bear
   820 | D        | Bought a pair of runed gloves for 127 gold pieces
   820 | D        | Bought a jacinth-encrusted chain mail for 161 gold pieces
   820 | D        | Identified the +1 chain mail "Seleomp" {Harm +Blink} (You
                  | bought it in a shop in the Dungeon)
   869 | D        | Found a hazy altar of Hepliaklqana.
   869 | D        | Found a snail-covered altar of Cheibriados.
   870 | D        | Found a stormy altar of Qazlal.
   870 | D        | Found a viscous altar of Jiyva.
   870 | D        | Found a shadowy altar of Dithmenos.
   871 | D        | Found a sacrificial altar of Ru.
   871 | D        | Found an ancient bone altar of Kikubaaqudgha.
   871 | D        | Found a white marble altar of Elyvilon.
   872 | D        | Found an ornate altar of the Wu Jian Council.
   872 | D        | Found a shimmering blue altar of Sif Muna.
   872 | D        | Found a corrupted altar of Lugonu.
   873 | D        | Found a shimmering altar of Xom.
   873 | D        | Found a bloodstained altar of Trog.
   873 | D        | Found a burning altar of Makhleb.
   874 | D        | Found a glowing golden altar of the Shining One.
   874 | D        | Found a basalt altar of Yredelemnul.
   874 | D        | Found a hide-covered altar of Uskayaw.
   875 | D        | Found a glowing silver altar of Zin.
   875 | D        | Found a radiant altar of Vehumet.
   875 | D        | Noticed a polar bear
   875 | D        | Noticed a polar bear
   875 | D        | Noticed a polar bear
   881 | D        | Killed a polar bear
   886 | D        | Noticed a yaktaur
   895 | D        | Killed a polar bear
   899 | D        | Killed a polar bear
   899 | D        | Reached ***** piety under Trog
   900 | D        | Noticed a hornet
   902 | D        | Killed a yaktaur
   903 | D        | Reached skill level 15 in Fighting
   903 | D        | Reached skill level 15 in Long Blades
   903 | D        | Reached XP level 9. HP: 78/97 MP: 8/8
  1178 | D        | Noticed a kraken
  1386 | D        | Found a sparkling altar of Nemelex Xobeh.
  1386 | D        | Found a blossoming altar of Fedhas.
  1387 | D        | Found an iron altar of Okawaru.
  1387 | D        | Found an opulent altar of Gozag.
  1632 | D        | Received a gift from Trog
  1668 | D        | Reached skill level 10 in Armour
  1695 | D        | Reached ****** piety under Trog
  1696 | D        | Reached XP level 10. HP: 35/108 MP: 9/9
  1701 | D        | Received a gift from Trog
  2078 | D        | Killed a kraken
  2167 | D        | Killed a boulder beetle
  2168 | D        | Reached skill level 10 in Dodging
  2177 | D        | Killed a boulder beetle
  2211 | D        | Bought the +2 shield of Resistance {rF++ rC++ Will++} for
                  | 843 gold pieces
  2211 | D        | Found the +2 shield of Resistance {rF++ rC++ Will++}
  2238 | D        | Noticed an obsidian statue
  2241 | D        | Noticed Kirke
  2241 | D        | Noticed a yaktaur captain
  2241 | D        | Noticed a skeletal warrior
  2260 | D        | Killed a skeletal warrior
  2261 | D        | Noticed a hell hog
  2261 | D        | Noticed an elephant
  2261 | D        | Noticed a centaur warrior
  2267 | D        | Killed a yaktaur captain
  2267 | D        | Received a gift from Trog
  2268 | D        | Reached skill level 15 in Armour
  2268 | D        | Reached XP level 11. HP: 114/119 MP: 10/10
  2275 | D        | Noticed a cacodemon
  2279 | D        | Mangled by a cacodemon

Illustrated notes

Levels and vault maps discovered:
D:        the_violet_keep_of_menkaure [sprint2_stairs_cluster_1,
          sprint2_shoproom, sprint2_temple, sprint2_basic_supplies,
          sprint2_obstacle_4, sprint2_obstacle_1, sprint2_obstacle_3,
          sprint2_obstacle_6, sprint2_obstacle_7, sprint2_timed_cluster_1,
          sprint2_smallroom_cluster_1, sprint2_smallroom_final_cluster_1,
          sprint2_transparent_cluster_1, sprint2_second_timed_cluster_1,
          sprint2_sniper_area_1, sprint2_heavy_combat_area_1,
          sprint2_mutation_trap_area_1, sprint2_forest_area_1,
          sprint2_light_combat_area_1, sprint2_behind_water_1,
          sprint2_near_end_vault_1]

Skill      XL: |  1  2  3  4  5  6  7  8  9 10 |
---------------+-------------------------------+-----
Fighting       | 8 9 11 12 13 15 16 18 | 18.1
Long Blades    | 8 10 11 12 13 15 16 18 | 18.0
Armour         | 4 5 6 7 10 15 | 15.4
Dodging        | 4 5 6 7 8 9 10 | 10.2
Stealth        | 1 2 3 4 |  4.1
Shields        | |  0.4

Action                   |  1- 3 |  4- 6 |  7- 9 | 10-12 || total
-------------------------+-------+-------+-------+-------++-------
Melee: Falchion          |     7 |    35 |   156 |    38 ||   236
       Headbutt          |     1 |     5 |    17 |    11 ||    34
       Great sword       |       |       |       |    14 ||    14
Invok: Berserk           |     1 |       |     3 |     3 ||     7
  Use: Potion            |       |     1 |     2 |       ||     3
       Scroll            |       |       |     9 |       ||     9
Armor: Animal skin       |       |     2 |     3 |       ||     5
       Chain mail        |       |       |    63 |    15 ||    78
Dodge: Dodged            |     1 |    10 |    66 |    15 ||    92
Block: Kite shield       |       |       |       |     9 ||     9
